 Dungeon Crawl Stone Soup version 0.17-a0-1642-gd4b747b (webtiles) character file.

158 KINGKRU the Shield-Bearer (level 5, -3/47 HPs)
             Began as a Hill Orc Fighter on Aug 11, 2015.
             Was an Initiate of Okawaru.
             Slain by an orc warrior
             ... wielding a +0 long sword
              (10 damage)
             ... on level 4 of the Dungeon.
             The game lasted 00:12:27 (2574 turns).

KINGKRU the Shield-Bearer (Hill Orc Fighter)        Turns: 2574, Time: 00:12:27

Health: -3/47      AC:  7    Str: 20    XL:     5   Next: 39%
Magic:  5/5        EV:  8    Int:  8    God:    Okawaru [......]
Gold:   99         SH:  0    Dex: 10    Spells: 0 memorised, 4 levels left

rFire  . . .     SeeInvis .     h - +2 short sword (speed)
rCold  . . .     Clarity  .     b - +0 scale mail
rNeg   . . .     SustAt   .     c - +1 shield
rPois  .         Gourm    .     (no helmet)
rElec  .         Spirit   .     (no cloak)
rCorr  .         Warding  .     (no gloves)
rMut   .         Stasis   .     (no boots)
MR     .....                    (no amulet)
Stlth  ..........               (no ring)
                                (no ring)

@: confused, about to teleport, not resistant to hostile enchantments, extremely
unstealthy
A: no striking features
a: Renounce Religion


You were on level 4 of the Dungeon.
You worshipped Okawaru.
Okawaru was noncommittal.
You were not hungry.

You visited 1 branch of the dungeon, and saw 4 of its levels.

You collected 99 gold pieces.

Inventory:

Hand weapons
 a - a +0 long sword
 h - a +2 short sword of speed (weapon)
Armour
 b - a +0 scale mail (worn)
 c - a +1 shield (worn)
Scrolls
 e - a scroll of identify
 g - a scroll of recharging {unknown}
 j - 3 scrolls of teleportation
Potions
 d - a potion of might
 f - a potion of curing
 l - a potion of agility
 m - a potion of magic {unknown}
 n - a potion of brilliance {unknown}
 o - a potion of flight {unknown}
 p - a potion of mutation {unknown}
 q - a potion of ambrosia
Comestibles
 i - a beef jerky
 k - 2 bread rations


   Skills:
 + Level 4.3 Fighting
 + Level 2.8 Long Blades
 + Level 4.2 Armour
 + Level 1.1 Dodging
 + Level 0.3 Stealth
 + Level 4.6 Shields


You had 4 spell levels left.
You didn't know any spells.

Dungeon Overview and Level Annotations

Branches:
Dungeon (4/15)
 Temple: D:4-7

Altars:
Elyvilon
Makhleb
Okawaru
Qazlal
Zin


Message History

The orc wizard is lightly wounded.
The orc warrior hits you with a long sword!
* * * LOW HITPOINT WARNING * * *
Read which item? (? for menu, Esc to quit)
As you read the scroll of teleportation, it crumbles to dust.
You feel strangely unstable.
The orc wizard mumbles some strange words.
The orc wizard blinks!
You hit the orc warrior but do no damage.
The orc wizard mumbles some strange words.
The orc wizard blinks!
The orc warrior hits you with a long sword!
* * * LOW HITPOINT WARNING * * *
You see here a tomahawk.
Drink which item? (? for menu, Esc to quit)
It was a potion of ambrosia.
You are confused.
You feel invigorated.
The orc warrior hits you with a long sword!
You die...

#...#####..........#.##
#......................
#)######...#####..........#.##
......)<...# #.(........#..#
#.######...# #..........##.#
#...# #..........##.# #...#
#..........##.#
#...#####o.........##..
#...oo@.ยง..###.#######.
#..)######## #.# #. ##..# #.#
#. # #.# ## #.# # #.# #
#.######## #.........
##########


You could see an orc warrior, an orc wizard and an orc.

Vanquished Creatures
  A giant frog (D:4)
  An orc wizard (D:4)
  A gnoll (D:1)
  An ooze (D:2)
  3 worms
  5 orcs (D:4)
  5 bats
  4 giant cockroaches
  2 goblins (D:2)
  5 hobgoblins
  5 kobolds
  A quokka (D:2)
  A ball python (D:2)
  3 giant newts
  8 rats
46 creatures vanquished.

Notes
Turn   | Place    | Note
--------------------------------------------------------------
     0 | D:1      | KINGKRU the Hill Orc Fighter began the quest for the Orb.
     0 | D:1      | Reached XP level 1. HP: 19/19 MP: 1/1
   332 | D:1      | Reached XP level 2. HP: 22/27 MP: 2/2
   682 | D:1      | Reached XP level 3. HP: 31/33 MP: 3/3
  1089 | D:2      | Found a white marble altar of Elyvilon.
  1152 | D:2      | Became a worshipper of Elyvilon the Healer
  1173 | D:2      | Found an iron altar of Okawaru.
  1212 | D:2      | Fell from the grace of Elyvilon
  1212 | D:2      | Became a worshipper of Warmaster Okawaru
  1457 | D:3      | Found a burning altar of Makhleb.
  1472 | D:3      | Found a glowing silver altar of Zin.
  1473 | D:3      | Noticed an angel
  1473 | D:3      | Noticed a blizzard demon
  1509 | D:3      | Reached skill level 4 in Fighting
  1509 | D:3      | Reached XP level 4. HP: 33/40 MP: 4/4
  1633 | D:3      | Found a stormy altar of Qazlal.
  2226 | D:4      | Noticed a giant frog
  2247 | D:4      | Killed a giant frog
  2247 | D:4      | Reached skill level 1 in Dodging
  2247 | D:4      | Reached XP level 5. HP: 19/47 MP: 5/5
  2559 | D:4      | Noticed an orc warrior
  2572 | D:4      | HP: 2/47 [orc warrior/long sword (11)]
  2574 | D:4      | Slain by an orc warrior

Vault maps used:
D:1:      zaba_arrival_water
D:2:      okawaru_metal_pillars_1_2, lemuel_round_altar, lemuel_round_altar,
          first_bread, serial_glass, glass_columns_b, glass_columns_b,
          glass_columns_b, glass_columns_a, glass_columns_c, glass_columns_a
D:3:      grunt_temple_overflow_order_and_chaos_2,
          nicolae_overflow_hidden_temple

Action                   |  1- 3 |  4- 6 || total
-------------------------+-------+-------++-------
Melee: Long sword        |    74 |       ||    74
       Short sword       |    62 |    74 ||   136
  Use: Scroll            |       |     3 ||     3
       Potion            |       |     3 ||     3
  Eat: Bread ration      |     1 |       ||     1
       Beef jerky        |       |     1 ||     1
